 Dungeon Crawl Stone Soup version 0.32-a0-900-g30fb1b0edc (webtiles) character file.

Game seed: 175171022268186033

691 Biggs the Skirmisher (level 7, 50/50 HPs)
             Began as a Coglin Hunter on Apr 6, 2024.
             Was an Initiate of Okawaru.
             Quit the game on level 4 of the Dungeon.
             The game lasted 00:04:24 (2099 turns).

Biggs the Skirmisher (Coglin Hunter)                Turns: 2099, Time: 00:04:24

Health: 50/50      AC:  6    Str: 12    XL:     7   Next: 63%
Magic:  7/7        EV: 11    Int:  8    God:    Okawaru [......]
Gold:   157        SH:  0    Dex: 19    Spells: 6/6 levels left

rFire   . . .        a - +2 sling {Kenji}
rCold   . . .        d - +0 sling {Carmen}
rNeg    . . .        c - +0 leather armour
rPois   .            s - +1 helmet
rElec   .            (no cloak)
rCorr   .            n - +0 pair of gloves
SInv    .            (no boots)
Will    .....        (amulet unavailable)
Stlth   ++           (ring unavailable)
HPRegen 0.28/turn    (ring unavailable)
MPRegen 0.10/turn    (no gizmo)

%: no passive effects
@: weak-willed
A: off-hand wielding, slow wielding, warmup strikes, no jewellery
a: Invent Gizmo, Renounce Religion


You were on level 4 of the Dungeon.
You worshipped Okawaru.
Okawaru was noncommittal.
You visited 2 branches of the dungeon, and saw 6 of its levels.

You collected 157 gold pieces.

Inventory:

Hand Weapons
 a - a +2 sling (weapon) {Kenji}
 d - a +0 sling (offhand) {Carmen}
Armour
 c - a +0 leather armour (worn)
 n - a +0 pair of gloves (worn)
 s - a +1 helmet (worn)
Wands
 q - a wand of flame (8)
Scrolls
 b - a scroll of butterflies
 i - 2 scrolls of teleportation
 k - 3 scrolls of immolation
Potions
 e - 3 potions of enlightenment {unknown}
 f - a potion of heal wounds {unknown}
 g - a potion of ambrosia {unknown}
 j - a potion of attraction {unknown}
 o - a potion of degeneration {unknown}
 p - 2 potions of resistance {unknown}
 r - a potion of might {unknown}


   Skills:
 - Level 2.0 Fighting
 + Level 8.3 Ranged Weapons
 - Level 1.7 Dodging
 - Level 0.7 Stealth


You had 6 spell levels left.
You didn't know any spells.
Your spell library was empty.

Dungeon Overview and Level Annotations

Branches:
Dungeon (5/15)             Temple (1/1) D:4

Altars:
Ashenzari
Cheibriados
Dithmenos
Elyvilon
Fedhas
Hepliaklqana
Makhleb
Nemelex Xobeh
Okawaru
Qazlal
Ru
Sif Muna
Trog
Uskayaw
Wu Jian
Yredelemnul
Zin


Innate Abilities, Weirdness & Mutations

You can wield a second weapon in your off-hand.
It takes a long time for you to wield or remove held weapons.
Your first few attacks do less damage.
You cannot equip rings or amulets.


Message History

The sling bullet closely misses the quokka.
You shoot a sling bullet. The sling bullet hits the quokka.
The quokka is lightly wounded.
A quokka is nearby!
A quokka is nearby!
A quokka is nearby!
You shoot a sling bullet.
The sling bullet completely misses the quokka.
You shoot a sling bullet. The sling bullet hits the quokka.
The quokka is moderately wounded.
Unknown command.
Unknown command.
You shoot a sling bullet.
The sling bullet barely misses the quokka.
You shoot a sling bullet. The sling bullet misses the quokka.
Unknown command.
You shoot a sling bullet. The sling bullet hits the quokka.
You kill the quokka!
Okawaru accepts your kill.
You shoot a sling bullet.
No target in view!
Key pressed, stopping explore.
Key pressed, stopping explore.
Unknown command.
Key pressed, stopping explore.
Unknown command.
As you read the scroll labelled NUIWIO TOUNOA, it crumbles to dust.
It is a scroll of identify.
i - 2 scrolls of teleportation
As you read the scroll of identify, it crumbles to dust.
k - 3 scrolls of immolation
As you read the scroll labelled FOUJIMMUVUX, it crumbles to dust.
A wave of despondency washes over your surroundings.
It was a scroll of vulnerability.
As you read the scroll labelled USMUGA ZOCRAK, it crumbles to dust.
You assume a fearsome visage.
Nothing appears to happen.
It was a scroll of fear.
As you read the scroll labelled AZEREA LOUMETA, it dissolves into smoke.
It was a scroll of fog.
Are you sure you want to abandon this character and quit the game? (Confirm with "yes".)

#######.#.# #..# #.#
.....##.#.# #..# #.#
........#.#####..# ####.#
.....##.#........###....######
.............................#
..................+##'...#####
####..........§§§§#~~#...#
......#.#####.§§§##~~##..#
..............§§@#~† #..#
.......######.#§§#~~ #..#
......(######.##§## ##..#
######............ #...#
######.######.#..# ##..#
........>.....#..# #..#
............#....######..#
............#.#..........#
.#####.............##..#.#


There were no monsters in sight!

Vanquished Creatures
  Sigmund (D:4)
  A sky beast (D:4)
  An ogre (D:4)
  A water moccasin zombie (D:4)
  A hound (D:3)
  A bombardier beetle (D:4)
  2 orc priests (D:3)
  3 iguanas
  2 hound zombies (D:4)
  3 adders
  An adder zombie (D:4)
  A ribbon worm (D:2)
  3 orcs (D:3)
  4 ball pythons
  9 endoplasms
  3 giant cockroaches
  7 hobgoblins
  3 jackals (D:1)
  A quokka (D:4)
  2 bats
  A frilled lizard (D:2)
  5 goblins
  4 kobolds
  4 rats
64 creatures vanquished.

Notes
Turn   | Place    | Note
-------+----------+-------------------------------------------
     0 | D:1      | Biggs the Coglin Hunter began the quest for the Orb.
     0 | D:1      | Reached XP level 1. HP: 16/16 MP: 1/1
    38 | D:1      | Reached skill level 4 in Ranged Weapons
    38 | D:1      | Reached XP level 2. HP: 22/22 MP: 2/2
   278 | D:1      | Reached XP level 3. HP: 27/27 MP: 3/3
   883 | D:3      | Reached skill level 5 in Ranged Weapons
   883 | D:3      | Reached XP level 4. HP: 27/33 MP: 4/4
  1027 | D:3      | Reached XP level 5. HP: 34/38 MP: 5/5
  1127 | D:3      | You fall into a shaft and drop 2 floors!
  1127 | D:5      | Entered Level 5 of the Dungeon
  1158 | D:5      | Reached skill level 6 in Ranged Weapons
  1274 | D:4      | Noticed a sky beast
  1277 | D:4      | Killed a sky beast
  1278 | D:4      | Reached XP level 6. HP: 44/44 MP: 6/6
  1304 | D:4      | Found a basalt altar of Yredelemnul.
  1348 | D:4      | Reached skill level 7 in Ranged Weapons
  1513 | D:4      | Found a staircase to the Ecumenical Temple.
  1527 | D:4      | Noticed Sigmund
  1535 | D:4      | Killed Sigmund
  1536 | D:4      | Reached XP level 7. HP: 33/50 MP: 7/7
  1755 | D:4      | Reached skill level 8 in Ranged Weapons
  1779 | Temple   | Entered the Ecumenical Temple
  1788 | Temple   | Became a worshipper of Warmaster Okawaru
  2099 | D:4      | Quit the game

Illustrated notes

Levels and vault maps discovered:
D:1:      mrwooster_arrival_statue, layout_rooms, minmay_pentomino_w2
D:2:      layout_rooms, uniq_crazy_yiuf_cottage
D:3:      layout_loops_ring, mainiacjoe_overflow_alcove_1
D:4:      layout_basic, nicolae_yredelemnul_corpse_copse,
          minmay_temple_entry_statues, gup_sewer_entry_bowl, uniq_sigmund
D:5:      layout_loops_cross, tso_altar, serial_shops, shop
Temple:   nicolae_temple_superstar

Skill      XL: |  1  2  3  4  5  6  7 |
---------------+----------------------+-----
Ranged Weapons | 4 5 6 7 8 |  8.3
Fighting       | |  2.0
Dodging        | |  1.7
Stealth        | |  0.7

Action                     |  1- 3 |  4- 6 |  7- 9 || total
---------------------------+-------+-------+-------++-------
   Fire: Sling             |   156 |   148 |    58 ||   362
    Use: Scroll            |       |       |     5 ||     5
 Armour: Leather armour    |     9 |    22 |     1 ||    32
  Dodge: Dodged            |    18 |    15 |       ||    33

Table legend: (Time is in decaauts)
 A = Elapsed time spent in this place.
 B = Non-inter-level travel time spent in this place.
 C = Inter-level travel time spent in this place.
 D = Time resting spent in this place.
 E = Time spent auto-exploring this place.
 F = Levels seen in this place.
 G = Mean time per level.
                   A        B        C        D        E       F      G
               +--------+--------+--------+--------+--------+-----+--------+
         Total |   2124 |   2037 |     87 |     70 |   1628 |   6 |  354.0 |
       Dungeon |   2099 |   2029 |     70 |     70 |   1628 |   5 |  419.8 |
        Temple |     24 |      7 |     17 |      0 |      0 |   1 |   24.0 |
               +--------+--------+--------+--------+--------+-----+--------+

Top non-repeatable levels by time:
     D:4: 845 daAuts
     D:1: 462 daAuts
     D:2: 410 daAuts
     D:3: 273 daAuts
     D:5: 107 daAuts
  Temple: 24 daAuts
